 Dungeon Crawl Stone Soup version 0.24-a0-439-g6dd8730de2 (webtiles) character file.

Game seed: 15474989965296899148

14692 Murumi the Blocker (level 12, 0/97 HPs)
             Began as a Formicid Fighter on June 18, 2019.
             Was a High Priest of Okawaru.
             Succumbed to a spiny frog's poison
             ... on level 2 of the Lair of Beasts.
             The game lasted 01:15:04 (13624 turns).

Murumi the Blocker (Formicid Fighter)              Turns: 13624, Time: 01:15:05

Health: 0/97       AC: 38    Str: 25    XL:     12   Next: 48%
Magic:  12/13      EV: 11    Int: 11    God:    Okawaru [*****.]
Gold:   918        SH: 16    Dex: 10    Spells: 11/11 levels left

rFire    + . .     SeeInvis +   a - +1 long sword (protect)
rCold    . . .     Gourm    .   g - +2 shield {reflect}
rNeg     + . .     Faith    +   l - +0 plate armour
rPois    .         Spirit   .   (helmet unavailable)
rElec    .         Reflect  +   D - +3 cloak of the Moon Troll {rF+}
rCorr    .         Harm     .   m - +0 pair of gloves
MR       +....     Clarity  +   r - +2 pair of boots
Stlth    ..........             u - amulet of faith
HPRegen  0.26/turn              y - ring of positive energy
MPRegen  0.13/turn              H - +5 ring of protection

@: lethally poisoned (0 -> -12), heroism, protection aura
A: permanent stasis, dig shafts and tunnels, four strong arms, antennae 3,
clarity, low mp 2, strong 1, evolution 1
a: Dig, Shaft Self, Heroism, Finesse, Renounce Religion


You were on level 2 of the Lair of Beasts.
You worshipped Okawaru.
Okawaru was extremely pleased with you.
You were not hungry.

You visited 3 branches of the dungeon, and saw 13 of its levels.
You also visited: Bailey.

You collected 918 gold pieces.

Inventory:

Hand Weapons
 a - a +1 long sword of protection (weapon)
 f - a +0 hand crossbow
 o - a +1 long sword
Missiles
 C - 126 bolts
Armour
 g - a +2 shield of reflection (worn)
 l - a +0 plate armour (worn)
 m - a +0 pair of gloves (worn)
 r - a +2 pair of boots (worn)
 D - the +3 cloak of the Moon Troll (worn) {rF+}
   (You found it in a bailey)

   It protects you from fire.
Jewellery
 q - an uncursed amulet of guardian spirit
 u - an amulet of faith (around neck)
 w - an uncursed ring of magical power
 y - a ring of positive energy (left hand)
 H - a +5 ring of protection (right hand)
 I - a +3 amulet of reflection {unknown}
 J - an uncursed ring of magical power
Wands
 v - a wand of enslavement (20)
 x - a wand of paralysis (4)
 A - a wand of random effects (16)
 G - a wand of flame (20)
Scrolls
 h - 4 scrolls of enchant weapon
 p - a scroll of fog
 t - 7 scrolls of remove curse
 F - 2 scrolls of enchant armour
 L - 2 scrolls of fear
Potions
 b - 3 potions of curing
 d - 4 potions of might
 e - a potion of cancellation {unknown}
 i - 3 potions of resistance
 k - 5 potions of heal wounds
 n - 2 potions of magic
 B - a potion of brilliance
 E - 4 potions of agility
Comestibles
 K - 20 rations


   Skills:
 - Level 10.0(15.0) Fighting
 - Level 9.2(14.2) Long Blades
 + Level 5.3(10.3) Crossbows
 - Level 9.0(14.0) Armour
 - Level 3.0(8.0) Dodging
 - Level 11.0(16.0) Shields
 - Level 6.1 Invocations
 - Level 5.0 Evocations


You had 11 spell levels left.
You didn't know any spells.
Your spell library contained the following spells:

 Spells                   Type           Power        Failure   Level  Hunger
 Magic Dart               Conj           #...         95%         1    ##.....
 Call Imp                 Summ           #.......     99%         2    ###....
 Slow                     Hex            #.......     99%         2    ###....
 Conjure Flame            Conj/Fire      #.......     100%        3    ####...
 Mephitic Cloud           Conj/Pois/Air  #.......     100%        3    ####...
 Blink                    Tloc           Unusable     N/A         2    N/A

Dungeon Overview and Level Annotations

Branches:
Dungeon (10/15)            Temple (1/1) D:6            Lair (2/6) D:8
    Orc (0/2) D:10
  Swamp: Lair:2-4    Shoals: Lair:2-4     Snake: Lair:2-4    Spider: Lair:2-4

Altars:
Ashenzari
Cheibriados
Dithmenos
Elyvilon
Fedhas
Gozag
Hepliaklqana
Kikubaaqudgha
Makhleb
Nemelex Xobeh
Okawaru
Qazlal
Ru
Sif Muna
Trog
Uskayaw
Vehumet
Wu Jian
Xom
Yredelemnul
Zin
The Shining One

Shops:
D:8 }(

Annotations:
Lair:1 exclusion: 3 oklob plants


Innate Abilities, Weirdness & Mutations

You cannot be hasted, slowed, berserked, paralysed or teleported.
You can dig through walls and to a lower floor.
Your four strong arms can wield two-handed weapons with a shield.
You have a pair of large antennae on your head. (SInv)
You possess an exceptional clarity of mind.
Your magical capacity is very low. (-20% MP)
Your muscles are strong. (Str +2)
You evolve.


Message History

You feel sick.
Things that are here:
a +1 shield; a +0 trident; a blink frog corpse You slash the komodo dragon!
The komodo dragon is lightly wounded.
You feel sick.
The komodo dragon bites you but does no damage.
You slash the komodo dragon!
The komodo dragon is moderately wounded.
You feel sick.
Your plate armour prevents you from hitting the komodo dragon.
The komodo dragon is moderately wounded.
You feel sick. The komodo dragon closely misses you.
You slash the komodo dragon!
The komodo dragon is heavily wounded.
You feel sick. The komodo dragon bites you!!
* * * LOW HITPOINT WARNING * * *
You slash the komodo dragon!
The komodo dragon is almost dead.
You die...

.
###.......................
###.....P.#.#P#######.#.
##.....P##### ####
##.....## ##.....#
##....## ##ยง...##
###....# ##@#....#
#.#lN...# ####....#
#..(..# #P((..# ....(..#
#........# #...###.P#
..... .##


You could see a komodo dragon and a naga.

Vanquished Creatures
  Harold (Lair:1)
  2 two-headed ogres
  Sonja (Lair:1)
  3 orc knights (Bailey)
  2 spiny frogs
  A komodo dragon (Lair:1)
  A hornet (D:7)
  4 blink frogs (Lair:2)
  3 hippogriffs
  A spriggan (D:7)
  9 yaks
  A hungry ghost (D:9)
  A steam dragon (D:9)
  Edmund (D:4)
  2 nagas (Lair:2)
  4 water moccasins
  6 orc warriors
  A sky beast (D:10)
  3 ice beasts
  A black bear (D:8)
  8 ogres
  A necrophage (D:10)
  5 wolves (Lair:1)
  An eye of draining (D:10)
  2 centaurs
  2 crocodiles (Lair:1)
  A big kobold (D:9)
  2 wyvern zombies
  8 bullfrogs
  A gnoll sergeant (D:10)
  4 scorpions
  17 killer bees
  4 howler monkeys
  4 crimson imps
  A bullfrog zombie (D:10)
  3 hounds
  A quasit (D:6)
  4 jellies
  10 orc priests
  A bullfrog skeleton (D:5)
  6 orc wizards
  Ijyb (D:4)
  3 iguanas
  7 worker ants
  2 hell rats (Lair:1)
  A hound zombie (D:9)
  2 howler monkey zombies
  A worker ant zombie (D:5)
  9 gnolls
  11 adders
  8 river rats (Lair:1)
  2 shadow imps
  2 adder skeletons
  2 adder zombies (D:9)
  3 worms
  4 leopard geckos (D:2)
  50 orcs
  6 bats
  7 giant cockroaches
  11 goblins
  11 hobgoblins
  10 jackals
  5 quokkas
  7 frilled lizards
  14 kobolds
  2 leopard gecko skeletons
  A quokka zombie (D:5)
  10 rats
326 creatures vanquished.

Vanquished Creatures (others)
  A fungus (Lair:2)
  2 plants (Lair:1)
3 creatures vanquished.

Grand Total: 329 creatures vanquished

Notes
Turn   | Place    | Note
-------+----------+-------------------------------------------
     0 | D:1      | Murumi the Formicid Fighter began the quest for the Orb.
     0 | D:1      | Reached XP level 1. HP: 18/18 MP: 1/1
   169 | D:1      | Reached skill level 1 in Dodging
   207 | D:1      | Reached XP level 2. HP: 24/24 MP: 2/2
   314 | D:1      | Reached skill level 4 in Shields
   615 | D:1      | Reached XP level 3. HP: 29/29 MP: 3/3
  1325 | D:2      | Reached XP level 4. HP: 37/37 MP: 4/4
  1701 | D:2      | Reached XP level 5. HP: 36/42 MP: 5/5
  2648 | D:3      | Found an opulent altar of Gozag.
  2778 | D:3      | Found a faded altar of an unknown god.
  3403 | D:4      | Reached skill level 5 in Shields
  3456 | D:4      | Reached XP level 6. HP: 44/48 MP: 6/6
  3727 | D:4      | Noticed an ogre
  3755 | D:3      | Killed an ogre
  4219 | D:4      | Found a sparkling altar of Nemelex Xobeh.
  4336 | D:4      | Reached skill level 5 in Long Blades
  4336 | D:4      | Reached XP level 7. HP: 53/54 MP: 7/7
  4372 | D:4      | Noticed Edmund
  4387 | D:4      | Killed Edmund
  4387 | D:4      | Reached skill level 5 in Fighting
  4423 | D:4      | Found an ornate altar of the Wu Jian Council.
  4503 | D:4      | Noticed Ijyb
  4511 | D:4      | Killed Ijyb
  4854 | D:5      | Entered Level 5 of the Dungeon
  4912 | D:4      | Reached skill level 5 in Armour
  4992 | D:4      | Reached skill level 1 in Evocations
  5064 | D:5      | Reached XP level 8. HP: 59/63 MP: 7/9
  5442 | D:5      | Reached skill level 6 in Shields
  5589 | D:5      | Reached skill level 7 in Shields
  5984 | D:5      | Noticed a hippogriff
  5999 | D:5      | Killed a hippogriff
  6238 | D:6      | Reached XP level 9. HP: 71/72 MP: 10/10
  6673 | D:6      | Reached skill level 8 in Shields
  6690 | D:6      | Found a hide-covered altar of Uskayaw.
  6691 | D:6      | Found a blossoming altar of Fedhas.
  6828 | D:6      | Found a staircase to the Ecumenical Temple.
  6833 | Temple   | Entered the Ecumenical Temple
  6972 | Temple   | Became a worshipper of Warmaster Okawaru
  7366 | D:7      | Found a radiant altar of Vehumet.
  7367 | D:7      | Noticed a hornet
  7368 | D:7      | Noticed a hippogriff
  7381 | D:7      | Killed a hornet
  7389 | D:7      | Killed a hippogriff
  7389 | D:7      | Reached * piety under Okawaru
  7825 | D:7      | Reached XP level 10. HP: 74/79 MP: 13/13
  7898 | D:7      | Gained mutation: You possess an exceptional clarity of
                  | mind. [potion of mutation]
  7898 | D:7      | Gained mutation: You evolve. [potion of mutation]
  7898 | D:7      | Gained mutation: Your magical capacity is low. (-10% MP)
                  | [potion of mutation]
  7898 | D:7      | Gained mutation: Your muscles are strong. (Str +2) [potion
                  | of mutation]
  8002 | D:8      | Found a staircase to the Lair.
  8109 | D:8      | Found Vimet's Weapon Shoppe.
  8370 | D:8      | Reached skill level 9 in Shields
  8578 | D:8      | Found Orujill's Gadget Shoppe.
  9161 | D:9      | Noticed a two-headed ogre
  9186 | D:9      | Killed a two-headed ogre
  9186 | D:9      | Reached ** piety under Okawaru
  9400 | D:9      | Reached *** piety under Okawaru
  9448 | D:9      | Reached skill level 5 in Invocations
  9564 | D:9      | Found a glowing silver altar of Zin.
  9565 | D:9      | Found an opulent altar of Gozag.
  9735 | D:9      | Found a glowing golden altar of the Shining One.
  9801 | D:9      | Reached XP level 11. HP: 86/86 MP: 13/13
  9967 | D:10     | Entered Level 10 of the Dungeon
 10284 | D:10     | Reached **** piety under Okawaru
 10300 | D:10     | Found a staircase to the Orcish Mines.
 10361 | D:10     | Noticed a two-headed ogre
 10382 | D:10     | Killed a two-headed ogre
 10382 | D:10     | Reached skill level 10 in Shields
 10635 | D:10     | Reached skill level 11 in Shields
 10690 | D:10     | Found a flagged portal.
 10699 | Bailey   | Entered a bailey
 10997 | Bailey   | Noticed an orc knight
 10997 | Bailey   | Noticed an orc knight
 11084 | Bailey   | Killed an orc knight
 11128 | Bailey   | Killed an orc knight
 11148 | Bailey   | Got a scorched cloak
 11159 | Bailey   | Identified the +3 cloak of the Moon Troll {rF+} (You found
                  | it in a bailey)
 11169 | Bailey   | Noticed an orc knight
 11194 | Bailey   | Killed an orc knight
 11698 | Lair:1   | Entered Level 1 of the Lair of Beasts
 11701 | Lair:1   | Noticed an oklob plant
 11701 | Lair:1   | Noticed an oklob plant
 11701 | Lair:1   | Noticed an oklob plant
 11789 | Lair:1   | Reached ***** piety under Okawaru
 11885 | Lair:1   | Reached skill level 5 in Evocations
 12365 | Lair:1   | Noticed Sonja
 12391 | Lair:1   | Killed Sonja
 12391 | Lair:1   | Reached XP level 12. HP: 9/95 MP: 14/14
 12405 | Lair:1   | HP: 4/95 [poisoned by Sonja (curare-tipped dart)]
 12412 | Lair:1   | HP: 4/95 [poisoned by Sonja (curare-tipped dart)]
 12420 | Lair:1   | HP: 4/95 [poisoned by Sonja (curare-tipped dart)]
 12862 | Lair:1   | Noticed Harold
 12885 | Lair:1   | Killed Harold
 12885 | Lair:1   | Received a gift from Okawaru
 13176 | Lair:1   | Gained mutation: Your magical capacity is very low. (-20%
                  | MP) [evolution]
 13335 | Lair:1   | Reached skill level 10 in Fighting
 13368 | Lair:2   | Reached skill level 1 in Crossbows
 13527 | Lair:2   | Received a gift from Okawaru
 13585 | Lair:2   | Reached skill level 5 in Crossbows
 13623 | Lair:2   | HP: 1/97 [komodo dragon (19)]
 13624 | Lair:2   | Succumbed to a spiny frog's poison

Levels and vault maps discovered:
D:1:      lightli_arrival_statue_moat, layout_basic,
          chequers_serial_rivers_room_b, minmay_misc_feat_tower,
          grunt_decor_fettered
D:2:      layout_rooms
D:3:      layout_loops_corners, chequers_ecumenical_altar_island, first_ration,
          lemuel_altar_in_water
D:4:      layout_gridville, kennysheep_mini_moat,
          nemelex_xobeh_ov_fountains_minmay, minmay_fractal_squares_5,
          uniq_ijyb, uniq_edmund
D:5:      layout_cave_pods, hangedman_glass_garden
D:6:      layout_basic, gammafunk_temple_overflow_statue,
          minmay_temple_entry_proselytizer
D:7:      layout_loops_ring, vehumet_altar_wand_db, the_bakery
D:8:      layout_gridville, lair_entry_dummy, serial_shops, nicolae_shop_trees,
          shop
D:9:      layout_cave_pools, grunt_temple_overflow_gold_and_silver,
          lemuel_round_altar
D:10:     layout_basic, erik_orc_3, enter_bailey_2
Temple:   dpeg_chambers_temple
Lair:1:   layout_long_grid, kennysheep_abandoned_house,
          minmay_lair_oklob_chamber, uniq_sonja, uniq_harold
Lair:2:   layout_hall_layers, minmay_snake_entry_guardpost_small,
          serial_bayou_shore_a

Skill      XL: |  1  2  3  4  5  6  7  8  9 10 11 12 |
---------------+-------------------------------------+-----
Dodging        | 1 2 3 |  3.0
Shields        | 4 5 7 8 9 11 | 11.0
Long Blades    | 3 5 6 7 9 |  9.2
Fighting       | 4 5 7 8 9 10 | 10.0
Armour         | 4 5 7 9 |  9.0
Evocations     | 2 3 4 5 |  5.0
Invocations    | 4 5 6 |  6.1
Crossbows      | 5 |  5.3

Action                   |  1- 3 |  4- 6 |  7- 9 | 10-12 || total
-------------------------+-------+-------+-------+-------++-------
Melee: Long sword        |    95 |   204 |   360 |   946 ||  1605
 Fire: Hand crossbow     |       |       |       |    16 ||    16
Throw: Stone             |    35 |    93 |     5 |   123 ||   256
       Boomerang         |       |     5 |    89 |   166 ||   260
       Dart              |       |     4 |    21 |    78 ||   103
Invok: Heroism           |       |       |     1 |    12 ||    13
 Abil: Dig               |       |     2 |     1 |     8 ||    11
Evoke: Wand              |       |       |       |     1 ||     1
  Use: Scroll            |     2 |     4 |     5 |     5 ||    16
       Potion            |       |       |       |     2 ||     2
 Stab: Invisible         |       |     1 |       |       ||     1
  Eat: Chunk             |     1 |    10 |     9 |    24 ||    44
       Ration            |       |       |     1 |       ||     1
Armor: Scale mail        |     4 |       |       |       ||     4
       Chain mail        |    18 |       |       |       ||    18
       Plate armour      |    19 |    97 |   197 |   377 ||   690
Dodge: Dodged            |    30 |    46 |    68 |   197 ||   341
Block: Shield            |    42 |   107 |   197 |   564 ||   910
       Rpst.: Long sword |    11 |    11 |    15 |    58 ||    95

Table legend:
 A = Non-vault XP
 B = Vault XP
 C = Vault XP percentage of total XP
 D = Non-vault monster count
 E = Vault monster count
 F = Vault count percentage of total count
                 A         B        C        D         E       F
            +---------+---------+-------+---------+---------+-------
      Total |   14654 |    6335 |  30.2 |     260 |      66 |  20.2
            +---------+---------+-------+---------+---------+-------
        D:1 |      37 |       0 |   0.0 |      21 |       0 |   0.0
        D:2 |     127 |       0 |   0.0 |      35 |       0 |   0.0
        D:3 |      68 |     118 |  63.4 |      18 |       1 |   5.3
        D:4 |     369 |     255 |  40.9 |      16 |       5 |  23.8
        D:5 |     978 |       0 |   0.0 |      23 |       0 |   0.0
        D:6 |     911 |      41 |   4.3 |      21 |       1 |   4.5
        D:7 |     979 |     226 |  18.8 |      11 |       2 |  15.4
        D:8 |     629 |       0 |   0.0 |      20 |       0 |   0.0
        D:9 |    3109 |       0 |   0.0 |      37 |       0 |   0.0
       D:10 |    2402 |     543 |  18.4 |      33 |      16 |  32.7
     Lair:1 |    1947 |    2586 |  57.0 |      11 |      21 |  65.6
     Lair:2 |    3098 |     317 |   9.3 |      14 |       2 |  12.5
     Bailey |       0 |    2249 | 100.0 |       0 |      18 | 100.0
            +---------+---------+-------+---------+---------+-------
